 Dungeon Crawl Stone Soup version 0.17.0-28-g6e173f8 (webtiles) character file.

16467 Glider the Bewitcher (level 12, -5/83 HPs)
             Began as a Vampire Enchanter on Dec 1, 2015.
             Was a High Priest of Dithmenos.
             Slain by an eight-headed hydra (10 damage)
             ... on level 1 of the Lair of Beasts on Dec 2, 2015.
             The game lasted 01:31:09 (13975 turns).

Glider the Bewitcher (Vampire Enchanter)           Turns: 13975, Time: 01:31:11

Health: -5/83      AC:  7    Str:  7    XL:     12   Next: 10%
Magic:  16/19      EV: 16    Int: 27    God:    Dithmenos [*****.]
Gold:   852        SH:  0    Dex: 14    Spells: 5 memorised, 10 levels left

rFire  + . .     SeeInvis +     h - +1 dagger (venom)
rCold  + . .     Clarity  .     b - +1 robe
rNeg   + + +     SustAt   .     (no shield)
rPois  +         Gourm    .     K - +0 helmet
rElec  .         Spirit   .     f - +0 cloak
rCorr  .         Warding  .     p - +1 pair of gloves
rMut   .         Stasis   .     (no boots)
MR     +....                    (no amulet)
Stlth  +++++++++.               T - ring "Donug" {rN+ Int+4}
                                L - ring of protection from fire

@: regenerating slowly, wreathed by umbra, somewhat resistant to hostile
enchantments, incredibly stealthy
A: fangs 3, see invisible, unbreathing
a: Bat Form, Shadow Step, Shadow Form, Renounce Religion


You were on level 1 of the Lair of Beasts.
You worshipped Dithmenos.
Dithmenos was extremely pleased with you.
You were very thirsty.

You visited 2 branches of the dungeon, and saw 13 of its levels.
You also visited: Sewer.

You collected 852 gold pieces.

Inventory:

Hand Weapons
 h - a +1 dagger of venom (weapon)
 S - a +2 dagger of electrocution
Armour
 b - a +1 robe (worn)
 f - a +0 cloak (worn)
 p - a +1 pair of gloves (worn)
 K - a +0 helmet (worn)
Jewellery
 H - an uncursed ring of flight
 L - a ring of protection from fire (left hand)
 T - the ring "Donug" (right hand) {rN+ Int+4}
   (You took it off a deep elf fighter on level 10 of the Dungeon)

   [ring of positive energy]

   It affects your intelligence (+4).
   It protects you from negative energy.
Wands
 F - a wand of lightning (15)
 J - a wand of frost (17)
 M - a wand of digging (3)
 V - a wand of magic darts (9)
Scrolls
 e - 5 scrolls of fog
 g - 2 scrolls of remove curse
 i - 3 scrolls of teleportation
 j - a scroll of magic mapping
 m - 4 scrolls of recharging
 n - 2 scrolls of amnesia
 u - a scroll of fear {unknown}
 w - 2 scrolls of blinking
 y - a scroll of enchant armour
 G - a scroll of brand weapon
 N - a scroll of enchant weapon
Potions
 d - 35 potions of blood
 t - 2 potions of cancellation
 v - 4 potions of haste
 x - a potion of berserk rage {unknown}
 z - 7 potions of curing
 B - 5 potions of brilliance
 C - a potion of might {unknown}
 D - 5 potions of heal wounds
 E - a potion of flight {unknown}
 I - a potion of cure mutation {unknown}
 Q - a potion of agility {unknown}
 X - a potion of lignification {unknown}


   Skills:
 * Level 4.1 Fighting
 - Level 12.0 Short Blades
 * Level 7.5 Dodging
 - Level 10.0 Stealth
 - Level 5.0 Spellcasting
 * Level 16.0 Hexes
 * Level 0.5 Translocations
 - Level 1.0 Ice Magic
 - Level 3.0 Invocations


You had 10 spell levels left.
You knew the following spells:

 Your Spells              Type           Power        Failure   Level  Hunger
a - Corona                Hex            #######      0%          1    None
b - Ensorcelled Hibernat  Hex/Ice        ######       1%          2    None
c - Confuse               Hex            #######.     1%          3    #......
d - Tukima's Dance        Hex            #######.     1%          3    #......
e - Blink                 Tloc           N/A          12%         2    None


Dungeon Overview and Level Annotations

Branches:
Dungeon (12/15)            Temple (0/1) D:4            Lair (1/8) D:9
    Orc (0/4) D:11

Altars:
Ashenzari
Cheibriados
Dithmenos
Elyvilon
Ru
Sif Muna
Vehumet
Lugonu

Annotations:
D:8 Gastronok
D:12 godescalc's ghost, journeyman TrTm


Innate Abilities, Weirdness & Mutations

You heal slowly.
You have razor-sharp teeth.
You have supernaturally acute eyesight.
You can survive without breathing.


Message History

Items here: :::: a book of Spatial Translocations; a book of the Tempests a book of Envenomations; a book of Maledictions
Things that are here:
3 scrolls of random uselessness; a scroll of immolation
Things that are here:
a +2 ring of protection; an uncursed ring of poison resistance
Casting: Confuse
Confirm with . or Enter, or press ? or * to list all spells.
Aiming: Confuse
Press: ? - help, Shift-Dir - straight line, f/p - eight-headed hydra
Aim: an eight-headed hydra (almost dead, poisoned, umbra, chance to defeat MR: 50%)
The eight-headed hydra resists with some effort.
The eight-headed hydra bites you!
* * * LOW HITPOINT WARNING * * *
The eight-headed hydra barely misses you.
The eight-headed hydra bites you!
* * * LOW HITPOINT WARNING * * *
The eight-headed hydra bites you!
You die...

############# ##
#....)>.....###.####
##.#....#..(/.<......
#P........:?=..).....
#P...####.###..######
##...P##### ##.#
###..@###.#####.#
#.>...D......##.#
##.#...P#P###.#..#
#......#####...#.#
##.#...######.####
#.##.....###.##.# #
#..##..#P.##.#
#..##.###.##.#
#..##.##..#..#


You could see an eight-headed hydra.

Vanquished Creatures
  The ghost of n00bb0dy the Martial Artist, a novice DsMo of Makhleb (D:8)
  An unseen horror (D:10)
  A hill giant (D:10)
  2 ugly things
  A manticore (D:12)
  2 cyclopes (D:11)
  Joseph (D:7)
  The ghost of Kloppie the Cudgeler, an amateur OgGl (D:4)
  A red devil (D:12)
  A troll (D:11)
  A two-headed ogre (D:8)
  4 wyverns
  A spriggan (D:10)
  21 yaks
  Sigmund (D:5)
  A deep elf mage (D:11)
  A deep elf fighter (D:10)
  2 hippogriffs
  A shadow (D:11)
  A basilisk (D:11)
  Menkaure (D:7)
  Edmund (D:4)
  A porcupine (Lair:1)
  Duvessa (D:7)
  6 ice beasts
  A black bear (D:11)
  A sky beast (D:8)
  A necrophage (D:11)
  2 phantoms
  3 ogres
  9 centaurs
  2 crocodiles (D:11)
  4 big kobolds
  8 giant frogs
  Dowan (D:7)
  5 killer bees
  A wyvern skeleton (D:11)
  5 scorpions
  4 crimson imps
  5 hounds
  5 jellies
  2 centaur zombies
  A quasit (D:7)
  A giant frog zombie (D:12)
  4 centaur skeletons
  Crazy Yiuf (D:3)
  5 giant frog skeletons
  8 orc priests
  11 orc wizards
  2 iguanas
  9 worker ants
  A killer bee zombie (D:7)
  2 sheep (D:9)
  A hound zombie (D:9)
  A hound skeleton (D:7)
  3 worker ant zombies
  12 adders
  4 gnolls (D:3)
  A river rat (D:4)
  4 shadow imps
  6 oozes
  An adder skeleton (D:7)
  2 adder zombies
  2 worms
  6 giant geckos
  37 orcs
  4 ball pythons
  5 giant cockroaches
  11 goblins
  8 hobgoblins
  35 kobolds
  6 quokkas
  8 bats
  A giant gecko skeleton (D:9)
  7 giant newts
  21 jackals
  A quokka skeleton (D:7)
  A quokka zombie (D:9)
  8 rats
356 creatures vanquished.

Vanquished Creatures (collateral kills)
  2 hill giants (D:10)
  2 orc warriors
  An orc wizard (D:10)
  A worker ant (D:12)
  2 orcs (D:11)
8 creatures vanquished.

Vanquished Creatures (others)
  A quokka (D:4)
1 creature vanquished.

Grand Total: 365 creatures vanquished

Notes
Turn   | Place    | Note
--------------------------------------------------------------
     0 | D:1      | Glider the Vampire Enchanter began the quest for the Orb.
     0 | D:1      | Reached XP level 1. HP: 13/13 MP: 3/3
   512 | D:1      | Reached XP level 2. HP: 19/19 MP: 5/5
   929 | D:1      | Learned a level 2 spell: Ensorcelled Hibernation
  1015 | D:2      | Reached skill level 5 in Hexes
  1042 | D:2      | Reached skill level 5 in Stealth
  1042 | D:2      | Reached XP level 3. HP: 24/24 MP: 6/6
  1731 | D:3      | Reached XP level 4. HP: 28/30 MP: 7/7
  1763 | D:3      | Reached skill level 1 in Ice Magic
  1817 | D:3      | Learned a level 3 spell: Confuse
  1824 | D:3      | Found a shadowy altar of Dithmenos.
  1852 | D:3      | Became a worshipper of Dithmenos the Shadowed
  1949 | D:3      | Reached skill level 6 in Stealth
  2237 | D:3      | Found a glowing drain.
  2244 | Sewer    | Entered a sewer
  2442 | Sewer    | Reached * piety under Dithmenos
  2446 | Sewer    | Reached XP level 5. HP: 36/36 MP: 8/8
  2600 | Sewer    | Noticed a big kobold
  2605 | Sewer    | Killed a big kobold
  2605 | Sewer    | Reached skill level 1 in Fighting
  2750 | D:3      | Noticed Crazy Yiuf
  2760 | D:3      | Killed Crazy Yiuf
  2906 | D:3      | Reached XP level 6. HP: 43/43 MP: 0/9
  2917 | D:4      | Noticed Edmund
  2990 | D:3      | Learned a level 3 spell: Tukima's Dance
  3047 | D:4      | Found a white marble altar of Elyvilon.
  3061 | D:4      | Noticed Kloppie's ghost (amateur OgGl)
  3424 | D:4      | Killed Kloppie's ghost
  3424 | D:4      | Reached skill level 5 in Short Blades
  3424 | D:4      | Reached XP level 7. HP: 48/51 MP: 8/10
  3459 | D:4      | Reached ** piety under Dithmenos
  3569 | D:4      | Killed Edmund
  3665 | D:4      | Found a staircase to the Ecumenical Temple.
  3795 | D:5      | Entered Level 5 of the Dungeon
  3851 | D:5      | Reached XP level 8. HP: 60/60 MP: 11/11
  4041 | D:5      | Reached skill level 7 in Short Blades
  4078 | D:5      | Noticed Sigmund
  4082 | D:5      | Killed Sigmund
  4301 | D:5      | Reached skill level 8 in Short Blades
  4751 | D:5      | Found a snail-covered altar of Cheibriados.
  4756 | D:5      | Found a deep blue altar of Sif Muna.
  5234 | D:6      | Reached skill level 9 in Short Blades
  5334 | D:6      | Reached *** piety under Dithmenos
  5559 | D:6      | Found a sacrificial altar of Ru.
  5610 | D:6      | Reached XP level 9. HP: 58/65 MP: 12/12
  5652 | D:6      | Reached skill level 10 in Short Blades
  6020 | D:7      | Noticed Joseph
  6058 | D:7      | Found a radiant altar of Vehumet.
  6320 | D:7      | Noticed Menkaure
  6905 | D:8      | Found a shattered altar of Ashenzari.
  7448 | D:8      | Noticed Gastronok
  7539 | D:8      | Noticed n00bb0dy's ghost (novice DsMo)
  7575 | D:8      | Killed n00bb0dy's ghost
  7575 | D:8      | Reached skill level 5 in Spellcasting
  7575 | D:8      | Reached skill level 10 in Hexes
  7936 | D:8      | Reached skill level 11 in Hexes
  8079 | D:9      | Reached XP level 10. HP: 71/71 MP: 17/17
  8436 | D:9      | Reached **** piety under Dithmenos
  8562 | D:9      | Noticed an elephant
  8650 | D:9      | Found a staircase to the Lair.
  9164 | D:9      | Reached skill level 12 in Hexes
  9246 | D:10     | Entered Level 10 of the Dungeon
  9415 | D:10     | Noticed a hill giant
  9429 | D:10     | Killed a hill giant
  9942 | D:10     | Noticed an unseen horror
 10029 | D:10     | Reached skill level 5 in Dodging
 10164 | D:10     | Noticed a brown ugly thing
 10171 | D:10     | Killed a brown ugly thing
 10231 | D:10     | Reached skill level 10 in Stealth
 10261 | D:10     | Reached XP level 11. HP: 73/77 MP: 12/18
 10266 | D:10     | Reached skill level 1 in Invocations
 10297 | D:10     | Reached skill level 13 in Hexes
 10354 | D:10     | Killed an unseen horror
 10458 | D:10     | Reached ***** piety under Dithmenos
 10486 | D:10     | Got an ancient lead ring
 10522 | D:10     | Identified the ring "Donug" {rN+ Int+4} (You took it off a deep elf fighter on level 10 of the Dungeon)
 10895 | D:10     | Noticed a hill giant
 10902 | D:10     | Noticed a hill giant
 10905 | D:10     | Killed a hill giant
 10935 | D:10     | Killed a hill giant
 11361 | D:7      | Killed Joseph
 11594 | D:7      | Noticed Dowan
 11599 | D:7      | Noticed Duvessa
 11604 | D:7      | Killed Duvessa
 11604 | D:7      | Reached skill level 14 in Hexes
 11623 | D:7      | Killed Dowan
 11642 | D:7      | Killed Menkaure
 12089 | D:11     | Reached skill level 15 in Hexes
 12489 | D:11     | Found a staircase to the Orcish Mines.
 12708 | D:11     | Learned a level 2 spell: Blink
 13248 | D:12     | Found a corrupted altar of Lugonu.
 13253 | D:12     | Noticed godescalc's ghost (journeyman TrTm)
 13326 | D:12     | Reached XP level 12. HP: 67/83 MP: 13/19
 13410 | D:11     | Reached skill level 16 in Hexes
 13822 | Lair:1   | Entered Level 1 of the Lair of Beasts
 13902 | Lair:1   | Noticed an eight-headed hydra
 13975 | Lair:1   | Slain by an eight-headed hydra

Action                   |  1- 3 |  4- 6 |  7- 9 | 10-12 || total
-------------------------+-------+-------+-------+-------++-------
Melee: Dagger            |   106 |   162 |   459 |   568 ||  1295
 Cast: Corona            |     2 |       |       |       ||     2
       Ensorcelled Hiber |     1 |    14 |     5 |     8 ||    28
       Confuse           |       |     6 |    24 |    96 ||   126
       Tukima's Dance    |       |       |       |     6 ||     6
  Use: Scroll            |       |       |    13 |     8 ||    21
       Potion            |       |       |     5 |     5 ||    10
 Stab: Sleeping          |    13 |    30 |    20 |    24 ||    87
       Confused          |       |     4 |    13 |    62 ||    79
       Distracted        |       |       |     1 |     1 ||     2
